 Dungeon Crawl Stone Soup version 0.27.1-4-g1640c2035a (webtiles) character file.

Game seed: 10807027956308806771

290 pkoi the Shield-Bearer (level 6, 0/76 HPs)
             Began as a Minotaur Fighter on Nov 9, 2021.
             Was an Initiate of Hepliaklqana.
             Killed from afar by an orc wizard (6 damage)
             ... with a puff of flame
             ... on level 5 of the Dungeon.
             The game lasted 00:02:35 (2572 turns).

pkoi the Shield-Bearer (Minotaur Fighter)           Turns: 2572, Time: 00:02:36

Health: 0/76       AC: 23    Str: 28    XL:     6   Next: 9%
Magic:  5/5        EV:  2    Int:  5    God:    Hepliaklqana [......]
Gold:   46         SH: 11    Dex: 10    Spells: 5/5 levels left

rFire    . . .     SeeInvis .   a - +0 long sword
rCold    + . .     Faith    .   c - +0 kite shield
rNeg     + + +     Spirit   .   (armour currently unavailable)
rPois    +         Reflect  .   (helmet currently unavailable)
rElec    .         Harm     .   (cloak currently unavailable)
rCorr    .         Rampage  .   (gloves currently unavailable)
Will     .....     NoTele   +   (boots currently unavailable)
Stlth    +.........             m - amulet of the acrobat
HPRegen  0.22/turn              f - ring of protection from cold
MPRegen  0.09/turn              l - +6 ring of strength

@: tree-form (expiring)
A: stationary, stasis, torment immunity, boosted hp, (horns 2), (retaliatory
headbutt)
a: Renounce Religion


You were on level 5 of the Dungeon.
You worshipped Hepliaklqana.
Hepliaklqana was noncommittal.
You were a tree.
You visited 1 branch of the dungeon, and saw 5 of its levels.

You collected 46 gold pieces.

Inventory:

Hand Weapons
 a - a +0 long sword (weapon)
Armour
 b - a +0 scale mail (melded)
 c - a +0 kite shield (worn)
Jewellery
 f - a ring of protection from cold (left branch)
 i - a ring of positive energy
 l - a +6 ring of strength (right branch)
 m - an amulet of the acrobat (around neck)
Scrolls
 e - a scroll of teleportation {unknown}
 g - a scroll of noise {unknown}
 h - a scroll of vulnerability {unknown}
 j - a scroll of torment {unknown}
 o - a scroll of enchant weapon {unknown}
 p - a scroll of magic mapping {unknown}
Potions
 d - 3 potions of might
 n - a potion of curing


   Skills:
 - Level 3.6 Fighting
 + Level 5.7 Long Blades
 - Level 3.6 Armour
 + Level 6.3 Shields


You had 5 spell levels left.
You didn't know any spells.
Your spell library contained the following spells:

 Spells                   Type           Power      Damage    Failure   Level
 Freeze                   Ice            0%         1d3       85%         1
 Frozen Ramparts          Ice            0%         1d2       99%         3
 Hailstorm                Conj/Ice       0%         3d3       100%        4


Dungeon Overview and Level Annotations

Branches:
Dungeon (6/15)
 Temple: D:4-7

Altars:
Hepliaklqana
Okawaru


Innate Abilities, Weirdness & Mutations

You are a tree.
Your roots penetrate the ground, keeping you stationary.
You cannot be teleported.
You are immune to unholy pain and torment.
Your maximum health is greatly increased.
Your equipment is partially melded.
((You have a pair of horns on your head.))
((You reflexively headbutt those who attack you in melee.))


Message History

It was a potion of curing.
You feel better.
The orc priest hits you but does no damage.
You barely miss the orc priest.
The orc priest is severely wounded.
The orc priest hits you but does no damage.
You closely miss the orc priest.
The orc priest is severely wounded.
You block the orc priest's attack.
You barely miss the orc priest.
The orc priest is severely wounded.
The orc priest calls down the wrath of Beogh upon you.
Beogh smites you!
* * * LOW HITPOINT WARNING * * *
The orc wizard casts a spell.
The orc wizard flickers and vanishes!
Deactivating autopickup; reactivate with Ctrl-A.
You barely miss the orc priest.
The orc priest is severely wounded.
Your transformation is almost over.
The orc priest barely misses you. You block the orc priest's attack.
You hit the orc priest.
The orc priest is severely wounded.
You block the orc priest's attack.
You hit the orc priest.
The orc priest is almost dead.
The orc priest hits you but does no damage.
You slash the orc priest!
You kill the orc priest!
You have reached level 6!
Your experience leads to an increase in your attributes!
Your base attributes are Str 21, Int 5, Dex 10.
Increase (S)trength, (I)ntelligence, or (D)exterity?
You feel stronger.
You closely miss something.
Something hits you but does no damage. x2
You miss something. Something hits you but does no damage.
You barely miss something.
You hear some strange, mumbled words.
A puff of flame appears from out of thin air!
The puff of flame hits you.
You die...

....♣.♣.♣.♣...#
#..♣.♣._.♣.♣..#
....♣.♣.♣.♣...#
#....♣.♣.♣....#
#.....♣.♣.....#
#..#..†♣...#..##########
.†......................
#.####..##.....#.######
#.# #....####.#♣# #.#
#....# #+#{# #.# ......+
.o. #.# ......# ....#
#.#.......# .....#
#.#.#####.# ......#
.......# ........+


You could see an orc.

Vanquished Creatures
  An ice beast (D:3)
  A hound (D:5)
  An orc priest (D:5)
  An orc wizard (D:5)
  5 adders
  2 worms (D:2)
  A dart slug (D:3)
  6 bats
  3 endoplasms (D:1)
  A giant cockroach (D:1)
  3 goblins
  6 hobgoblins
  9 jackals
  2 quokkas
  4 ball pythons
  11 frilled lizards
  4 kobolds
  2 rats
63 creatures vanquished.

Vanquished Creatures (others)
  8 plants (D:3)
8 creatures vanquished.

Grand Total: 71 creatures vanquished

Notes
Turn   | Place    | Note
-------+----------+-------------------------------------------
     0 | D:1      | pkoi the Minotaur Fighter began the quest for the Orb.
     0 | D:1      | Reached XP level 1. HP: 19/19 MP: 0/0
   132 | D:1      | Reached skill level 4 in Shields
   235 | D:1      | Reached XP level 2. HP: 26/26 MP: 1/1
   986 | D:2      | Reached XP level 3. HP: 31/31 MP: 2/2
  1679 | D:2      | Reached XP level 4. HP: 36/39 MP: 3/3
  1865 | D:2      | Reached skill level 5 in Shields
  2053 | D:3      | Noticed an ice beast
  2058 | D:3      | Killed an ice beast
  2059 | D:3      | Reached skill level 5 in Long Blades
  2059 | D:3      | Reached XP level 5. HP: 45/45 MP: 4/4
  2251 | D:3      | Found a hazy altar of Hepliaklqana.
  2383 | D:3      | Became a worshipper of Hepliaklqana the Forgotten
  2453 | D:3      | Found a faded altar of an unknown god.
  2481 | D:3      | You fall into a shaft and drop 3 floors!
  2490 | D:5      | Entered Level 5 of the Dungeon
  2500 | D:5      | Reached skill level 6 in Shields
  2517 | D:5      | Found an iron altar of Okawaru.
  2565 | D:5      | HP: 3/67 [orc priest/divine providence (11)]
  2570 | D:5      | Reached XP level 6. HP: 5/51 MP: 5/5
  2572 | D:5      | Killed from afar by an orc wizard

Illustrated notes

Levels and vault maps discovered:
D:1:      evilmike_arrival_fibonacci_small, layout_loops_cross
D:2:      layout_basic
D:3:      layout_basic, nicolae_hepliaklqana_hippocampus,
          dreamdust_ecumenical_altar_statues, minmay_lizard_king
D:5:      layout_basic, okawaru_trees_2, serial_shops, shop,
          serial_bayou_lagoon_b
D:6:      layout_basic, dancing_weapons_uskayaw, serial_shops,
          nicolae_lakefront_shop, uniq_maggie

Skill      XL: |  1  2  3  4  5 |
---------------+----------------+-----
Shields        | 4 5 6 |  6.3
Long Blades    | 3 4 5 |  5.7
Fighting       | |  3.6
Armour         | |  3.6

Action                   |  1- 3 |  4- 6 || total
-------------------------+-------+-------++-------
Melee: Long sword        |    73 |    71 ||   144
       Headbutt          |    16 |    12 ||    28
  Use: Potion            |       |     2 ||     2
Armor: Scale mail        |    30 |    15 ||    45
       Skin              |       |     7 ||     7
Dodge: Dodged            |    38 |    20 ||    58
Block: Kite shield       |    43 |    43 ||    86
       Rpst.: Long sword |     8 |     1 ||     9
